Map: Thunderbird LE

Players

Dastan - Winner!

  • Race: Protoss Protoss
  • League: Grandmaster
  • Spawn Location: 11:00

JazBas

  • Race: Zerg Zerg
  • League: Grandmaster
  • Spawn Location: 5:00

Event: NationWars 2019

VOD

Have the link to the VOD?

Description

Time

  • Played on: Sept. 28, 2019, 6:01 p.m.
  • Length: 8:16
Show
View Real Time Build Order
Export as new Build Order

Dastan Protoss - Winner!

Build Orders: 1 Gate Expand 

Get SALT Encoding   

  12  0:00  Probe  
  13  0:13  Probe  
  14  0:18  Pylon  
  14  0:25  Probe (Chrono Boost)  
  15  0:37  Probe (Chrono Boost)  
  15  0:38  Gateway  
  16  0:43  Probe (Chrono Boost)  
  16  0:48  Assimilator  
  17  0:52  Probe  
  18  1:04  Probe (Chrono Boost)  
  19  1:15  Probe (Chrono Boost)  
  20  1:21  Probe (Chrono Boost)  
  21  1:26  Cybernetics Core  
  21  1:39  Nexus  
  21  1:43  Probe  
  22  1:49  Assimilator  
  22  1:55  Probe  
  22  1:56  Pylon  
  23  2:07  Warp Gate  
  23  2:14  Adept (Chrono Boost)  
  25  2:17  Probe  
  26  2:23  Robotics Facility  
  26  2:30  Probe  
  26  2:36  Stalker (Chrono Boost)  
  26  2:40  Gateway  
  29  2:45  Probe (Chrono Boost)  
  29  2:51  Probe (Chrono Boost)  
  31  3:01  Probe x2 (Chrono Boost)  
  32  3:09  Sentry  
  32  3:10  Shield Battery  
  33  3:19  Immortal (Chrono Boost)  
  33  3:21  Pylon  
  33  3:24  Probe  
  33  3:26  Probe  
  39  3:31  Sentry  
  41  3:37  Probe  
  41  3:41  Probe  
  43  3:44  Pylon  
  43  3:49  Probe  
  43  3:53  Probe  
  45  3:55  Pylon  
  45  4:00  Stalker  
  45  4:01  Probe  
  48  4:06  Gateway  
  48  4:07  Probe  
  49  4:10  Pylon  
  50  4:23  Shield Battery  
  49  4:31  Zealot x2  
  53  4:32  Pylon  
  53  4:35  Pylon  
  53  4:45  Immortal  
  57  4:47  Shield Battery  
  55  4:57  Shield Battery  
  55  4:58  Zealot x2  
  55  5:13  Zealot  
  50  5:17  Shield Battery  
  50  5:18  Zealot x2  
  53  5:24  Immortal  
  57  5:34  Zealot  
  58  5:40  Zealot  
  58  5:41  Zealot  
  56  5:58  Zealot  
  56  6:02  Pylon  
  57  6:07  Zealot x2  
  61  6:12  Probe x2  
  61  6:18  Warp Prism  
  57  6:25  Sentry  
  59  6:27  Probe x2  
  59  6:29  Sentry x2  
  65  6:39  Probe x2  
  67  6:48  Twilight Council  
  67  6:50  Sentry  
  67  6:51  Probe, Gateway  
  71  6:54  Observer  
  71  6:58  Zealot  
  71  6:59  Zealot  
  75  7:14  Zealot  
  77  7:19  Pylon  
  77  7:22  Pylon  
  77  7:23  Probe  
  78  7:31  Pylon  
  78  7:34  Pylon  
  78  7:37  Probe  
  78  7:40  Probe, Assimilator  
  80  7:46  Zealot  
  80  7:47  Zealot x3  
  80  7:49  Probe  
  89  7:52  Pylon  
  89  8:07  Stalker x4  
Show
View Real Time Build Order
Export as new Build Order

JazBas Zerg 

Build Orders: Pool First 

Get SALT Encoding   

  12  0:01  Drone  
  13  0:12  Overlord  
  13  0:17  Drone  
  14  0:31  Drone x2  
  14  0:35  Drone  
  17  0:45  Extractor  
  17  0:46  Drone  
  17  0:49  Spawning Pool  
  16  0:56  Drone  
  17  1:15  Hatchery  
  16  1:20  Drone  
  16  1:23  Drone  
  18  1:36  Queen  
  18  1:37  Zergling x2  
  21  1:47  Metabolic Boost  
  21  1:53  Overlord  
  21  2:04  Drone  
  22  2:28  Drone x2  
  22  2:29  Lair  
  24  2:31  Zergling x2  
  24  2:34  Queen  
  27  2:47  Zergling x8  
  31  2:51  Zergling x4  
  31  2:52  Zergling x2  
  34  3:13  Zergling x2  
  34  3:14  Zergling x2  
  34  3:15  Overlord  
  36  3:25  Overlord  
  36  3:33  Queen  
  36  3:34  Nydus Network  
  37  3:36  Zergling x6  
  39  3:57  Zergling x2  
  39  3:58  Zergling x12  
  46  4:08  Zergling x6  
  49  4:19  Nydus Canal  
  49  4:25  Zergling x4  
  49  4:41  Nydus Canal  
  49  4:43  Zergling x8  
  50  4:46  Zergling x2  
  50  4:50  Zergling x4  
  50  4:54  Zergling x2  
  50  4:55  Zergling x2  
  50  4:57  Zergling x6  
  45  5:07  Spine Crawler  
  45  5:10  Zergling x4  
  43  5:16  Spine Crawler  
  37  5:29  Zergling x8  
  37  5:34  Nydus Canal  
  37  5:42  Zergling x2  
  33  5:44  Zergling x4  
  33  5:53  Zergling x4  
  25  6:07  Zergling x4  
  27  6:12  Zergling x2  
  27  6:14  Drone  
  26  6:21  Spire  
  25  6:28  Overseer  
  25  6:35  Extractor  
  25  6:37  Extractor  
  23  6:45  Drone x4  
  27  6:52  Drone  
  28  7:02  Nydus Canal  
  27  7:13  Drone x5  
  30  7:34  Mutalisk x2  
  34  7:38  Mutalisk  
  36  7:49  Mutalisk  
  38  7:56  Drone x3  
Tags
 
Add a new tag
Caveats
  • Supply blocks, unpowered buildings, or Contaminate may cause inaccurate times.
  • Supply counts are checked every 10 seconds.